 Dungeon Crawl Stone Soup version 0.29-a0-113-g078de9bc30 (webtiles) character file.

Game seed: 2594253726647811484

321 Gildeon the Sneak (level 6, -4/42 HPs)
             Began as an Octopode Fighter on Feb 19, 2022.
             Was an Initiate of Ashenzari.
             Killed from afar by an orc wizard (7 damage)
             ... with a magic dart
             ... on level 5 of the Dungeon.
             The game lasted 00:11:23 (4365 turns).

Gildeon the Sneak (Octopode Fighter)                Turns: 4365, Time: 00:11:24

Health: -4/42      AC:  1    Str: 17    XL:     6   Next: 46%
Magic:  6/6        EV: 13    Int: 11    God:    Ashenzari [......]
Gold:   251        SH:  4    Dex: 11    Spells: 4/5 levels left

rFire   . . .      SeeInvis .   a - +0 trident
rCold   . . .      Faith    .   b - +0 buckler
rNeg    . . .      Spirit   .   (helmet restricted)
rPois   .          Reflect  .   (no amulet)
rElec   .          Harm     .   (no ring)
rCorr   .          Rampage  .   (no ring)
Will    .....                   (no ring)
Stlth   ++++......              (no ring)
HPRegen 0.14/turn               (no ring)
MPRegen 0.10/turn               (no ring)
                                (no ring)
                                (no ring)

@: no status effects
A: almost no armour, amphibious, 8 rings, camouflage 1, gelatinous body 1,
(nimble swimmer 1), tentacles
a: Renounce Religion


You were on level 5 of the Dungeon.
You worshipped Ashenzari.
Ashenzari was noncommittal.
You visited 1 branch of the dungeon, and saw 5 of its levels.

You collected 251 gold pieces.

Inventory:

Hand Weapons
 a - a +0 trident (weapon)
Armour
 b - a +0 buckler (worn)
Jewellery
 j - a ring of resist corrosion
Wands
 m - a wand of iceblast (9)
 p - a wand of paralysis (12)
Scrolls
 d - a scroll of magic mapping {unknown}
 f - a scroll of teleportation
 l - a scroll of fog {unknown}
 n - a scroll of immolation {unknown}
Potions
 c - a potion of might
 e - 3 potions of mutation {unknown}
 g - a potion of lignification {unknown}
 h - a potion of ambrosia {unknown}
 i - 2 potions of invisibility {unknown}
 k - a potion of curing {unknown}
 o - a potion of haste {unknown}


   Skills:
 + Level 3.3 Fighting
 + Level 3.8 Polearms
 + Level 4.5 Dodging
 + Level 4.7 Stealth
 + Level 3.3 Shields


You had 4 spell levels left.
You knew the following spells:

 Your Spells              Type           Power      Damage    Failure   Level
a - Summon Small Mammal   Summ           0%         N/A       43%         1

Your spell library contained the following spells:

 Spells                   Type           Power      Damage    Failure   Level
 Animate Skeleton         Necr           0%         N/A       43%         1
 Apportation              Tloc           0%         N/A       43%         1
 Static Discharge         Conj/Air       0%         N/A       56%         2
 Summon Ice Beast         Ice/Summ       0%         N/A       99%         4
 Lightning Bolt           Conj/Air       0%         1d11      100%        5
 Summon Mana Viper        Hex/Summ       0%         N/A       100%        5
 Monstrous Menagerie      Summ           0%         N/A       100%        7
 Maxwell's Capacitive Co  Air            0%         ∞         100%        8


Dungeon Overview and Level Annotations

Branches:
Dungeon (5/15)
 Temple: D:4-7

Altars:
Ashenzari

Annotations:
D:2 Natasha
D:5 exclusion: zombie


Innate Abilities, Weirdness & Mutations

You cannot wear most types of armour.
You are amphibious.
You can wear up to eight rings at the same time.
Your skin changes colour to match your surroundings (Stealth+).
Your rubbery body absorbs attacks. (AC +1, EV +1)
((You are camouflaged when in or above water. (Stealth+)))
You have tentacles for arms and can constrict up to eight enemies at once.


Message History

2 orcs come into view.
Found a scroll labelled ETOLIZAIDAPS.
Found an escape hatch in the floor.
The orc shouts!
The orc wizard shouts! x2
You hear a shout!
The orc wizard casts a spell.
The orc wizard flickers and vanishes!
Deactivating autopickup; reactivate with Ctrl-A.
The orc wizard points at you and mumbles some strange words.
The magic dart hits you.
You are confused.
There are monsters nearby!
The orc wizard casts a spell.
The orc wizard flickers and vanishes!
Something hits you.
You miss something. Something hits you. x2
Something hits you but does no damage. Something hits you.
You feel less confused. Something hits you but does no damage.
You puncture the orc!
You kill the orc!
Something hits you. The orc barely misses you. Something hits you.
The orc misses you.
You closely miss the orc. You grab the orc. You constrict the orc.
Something hits you. The orc completely misses you. Something hits you.
The orc barely misses you.
You hit the orc.
You kill the orc!
Something hits you. The orc barely misses you. Something completely misses you.
Something hits you.
* * * LOW HITPOINT WARNING * * *
The orc barely misses you. Something hits you.
* * * LOW HITPOINT WARNING * * *
Items here: )) [ ††.
You closely miss the orc. Your grab misses the orc.
Your squeeze misses the orc. Something hits you.
* * * LOW HITPOINT WARNING * * *
You hear some strange, mumbled words.
A magic dart appears from out of thin air!
The magic dart hits you!
You die...

..#...###########........ .
..##.......................
..####.##..................
........#.........#####.#..
..#####...................#
..# #.#.......<.##...$# ..#
#.................# ###
###......{.o.###(.#
##..####@{.# .# #..# #..##
#... #..# #.# ##.....?..
......##. .......#
........# .........#
..........#


You could see an orc.

Vanquished Creatures
  A phantom (D:5)
  An iguana (D:4)
  Jessica (D:2)
  Natasha (D:2)
  3 gnolls (D:5)
  5 adders
  A worm (D:2)
  A dart slug (D:5)
  4 orcs
  3 ball pythons
  10 bats
  4 endoplasms
  4 giant cockroaches
  6 goblins
  9 hobgoblins
  13 jackals
  7 kobolds
  3 quokkas
  3 frilled lizards
  8 rats
88 creatures vanquished.

Notes
Turn   | Place    | Note
-------+----------+-------------------------------------------
     0 | D:1      | Gildeon the Octopode Fighter began the quest for the Orb.
     0 | D:1      | Reached XP level 1. HP: 16/16 MP: 1/1
    77 | D:1      | Reached skill level 1 in Stealth
    80 | D:1      | Reached XP level 2. HP: 9/21 MP: 2/2
   385 | D:1      | Reached XP level 3. HP: 5/26 MP: 3/3
   648 | D:1      | Learned a level 1 spell: Summon Small Mammal
  1234 | D:2      | Noticed Jessica
  1244 | D:2      | Killed Jessica
  1245 | D:2      | Reached XP level 4. HP: 26/31 MP: 4/4
  1430 | D:2      | Found a faded altar of an unknown god.
  1751 | D:2      | You fall into a shaft and drop 1 floor!
  2251 | D:2      | Noticed Natasha
  2256 | D:2      | Killed Natasha
  2257 | D:2      | Reached XP level 5. HP: 36/36 MP: 5/5
  2329 | D:2      | Noticed Natasha
  2643 | D:2      | Identified the +0 scale mail "Ithox" {Harm rF+ Int-4}
  3603 | D:4      | Found a broken altar of Ashenzari.
  3611 | D:4      | Became a worshipper of Ashenzari the Shackled
  3816 | D:4      | Noticed an ogre
  3850 | D:5      | Entered Level 5 of the Dungeon
  3877 | D:5      | Noticed a phantom
  3906 | D:5      | Killed a phantom
  3907 | D:5      | Reached XP level 6. HP: 21/42 MP: 6/6
  4365 | D:5      | Killed from afar by an orc wizard

Illustrated notes

Levels and vault maps discovered:
D:1:      lemuel_arrival_muddy, layout_basic, serial_bayou_pond_b,
          hangedman_decor_points, minmay_tall_x
D:2:      layout_basic, hellmonk_ecumenical_altar_zigzags, roderic_lattice_a,
          uniq_natasha, uniq_jessica
D:3:      layout_basic, minmay_misc_feat_chi, minivault_26
D:4:      layout_rooms, evilmike_ruin_ashenzari, minmay_temple_entry_wispy,
          serial_curves, eino_curves_03, eino_curves_02,
          kennysheep_generic_room_9
D:5:      layout_rooms, kennysheep_diamond

Skill      XL: |  1  2  3  4  5 |
---------------+----------------+-----
Stealth        | 1 2 3 4 |  4.7
Polearms       | 3 |  3.8
Dodging        | 4 |  4.5
Fighting       | |  3.3
Shields        | |  3.3

Action                   |  1- 3 |  4- 6 || total
-------------------------+-------+-------++-------
Melee: Trident           |    75 |   107 ||   182
       Constrict         |    21 |    23 ||    44
       Tentacles         |    12 |    11 ||    23
       Punch             |     2 |     2 ||     4
  Use: Scroll            |       |     1 ||     1
 Stab: Sleeping          |     6 |     8 ||    14
Armor: Skin              |     4 |    10 ||    14
Dodge: Dodged            |    42 |    57 ||    99
Block: Buckler           |    13 |    17 ||    30

Table legend: (Time is in decaauts)
 A = Elapsed time spent in this place.
 B = Non-inter-level travel time spent in this place.
 C = Inter-level travel time spent in this place.
 D = Time resting spent in this place.
 E = Time spent auto-exploring this place.
 F = Levels seen in this place.
 G = Mean time per level.
                   A        B        C        D        E       F      G
               +--------+--------+--------+--------+--------+-----+--------+
         Total |   4399 |   4337 |     62 |    623 |   2765 |   5 |  879.8 |
       Dungeon |   4399 |   4337 |     62 |    623 |   2765 |   5 |  879.8 |
               +--------+--------+--------+--------+--------+-----+--------+

Top non-repeatable levels by time:
     D:1: 1214 daAuts
     D:3: 1201 daAuts
     D:2: 1185 daAuts
     D:5: 518 daAuts
     D:4: 280 daAuts
